 Dungeon Crawl Stone Soup version 0.16-a0-3105-gd90c058 (webtiles) character file.

1537 Greenblue the Cleaver (level 9, -2/64 HPs)
             Began as a Formicid Fighter on Dec 12, 2014.
             Was a Believer of Qazlal.
             Slain by an ogre
             ... wielding a cursed +0 giant club
              (10 damage)
             ... on level 8 of the Dungeon.
             The game lasted 00:20:39 (4612 turns).

Greenblue the Cleaver (Formicid Fighter)            Turns: 4612, Time: 00:20:39

Health: -2/64      AC: 13    Str: 22    XL:     9   Next: 11%
Magic:  12/12      EV:  6    Int:  9    God:    Qazlal [**....]
Gold:   168        SH: 12    Dex: 11    Spells: 0 memorised, 8 levels left

rFire  + . .     SeeInvis +     a - +0 war axe
rCold  . . .     Clarity  +     J - +0 chain mail
rNeg   . . .     SustAb   .     c - +0 shield
rPois  +         Gourm    .     (helmet unavailable)
rElec  .         Spirit   .     y - +2 cloak {rPois}
rCorr  .         Warding  .     (no gloves)
rMut   .         Stasis   +     k - +0 pair of boots
MR     .....                    (no amulet)
Stlth  ..........               (no ring)
                                B - ring of invisibility

@: not resistant to hostile enchantments, extremely unstealthy
A: permanent stasis, dig shafts and tunnels, four strong arms, antennae 3, claws
1, clarity, fire resistance 1
a: Dig, Shaft Self, Upheaval, Renounce Religion, Evoke Invisibility


You were on level 8 of the Dungeon.
You worshipped Qazlal.
Qazlal was pleased with you.
You were hungry.

You visited 1 branch of the dungeon, and saw 7 of its levels.
You also visited: Sewer.

You collected 285 gold pieces.
You spent 117 gold pieces at shops.

Inventory:

Hand weapons
 a - a +0 war axe (weapon)
Missiles
 E - 7 javelins (quivered)
Armour
 b - a +0 scale mail
 c - a +0 shield (worn)
 k - a +0 pair of boots (worn)
 y - a +2 cloak of poison resistance (worn)
 J - a +0 chain mail (worn)
Magical staves
 s - an uncursed staff of power
Jewellery
 B - a ring of invisibility (left claw)
Magical devices
 l - a wand of polymorph (7)
 o - a wand of flame (37)
 C - a wand of disintegration (5)
Scrolls
 f - 8 scrolls of identify
 g - a scroll of random uselessness {unknown}
 v - a scroll of fog
 x - a scroll of teleportation {unknown}
 A - 2 scrolls of recharging {unknown}
 I - a scroll of vulnerability {unknown}
Potions
 e - 3 potions of might
 i - 2 potions of curing
 j - a potion of magic {unknown}
 n - a potion of restore abilities {unknown}
 p - a potion of mutation
 q - 2 potions of agility
 G - a potion of brilliance {unknown}
 H - 2 potions of flight {unknown}
Comestibles
 d - 5 bread rations
 h - 3 meat rations
 m - 3 royal jellies
 z - 2 slices of pizza
 D - 2 beef jerkies


   Skills:
 - Level 3.3 Fighting
 + Level 10.7 Axes
 - Level 3.4 Armour
 - Level 0.1 Dodging
 - Level 3.9 Shields


You had 8 spell levels left.
You didn't know any spells.

Dungeon Overview and Level Annotations

Branches:
Dungeon (8/15)
 Temple: D:4-7         Lair: D:8-11

Altars:
Qazlal
Yredelemnul
The Shining One

Shops:
D:5 *}?:*   D:6 (

Annotations:
D:2 Robin, Sigmund
D:8 Erolcha


Innate Abilities, Weirdness & Mutations

You are under a permanent stasis effect.
You can dig through walls and to a lower floor.
Your four strong arms can wield two-handed weapons with a shield.
You have a pair of large antennae on your head (SInv).
You have sharp fingernails.
You possess an exceptional clarity of mind.
Your flesh is heat resistant.


Message History

The ogre is heavily wounded.
You feel sick. The ogre hits you with a giant club!
Found a hand axe.
There is an open door here.
You feel sick.
You see here a hand axe.
You feel sick.
You hear a shout!
You feel sick.
You are no longer poisoned.
You barely miss the ogre.
The ogre is heavily wounded.
The ogre hits you with a giant club!
* * * LOW HITPOINT WARNING * * *
Drink which item? (? for menu, Esc to quit)
It was a potion of mutation.
You feel extremely strange.
Your fingernails lengthen.
Your thoughts seem clearer.
You feel resistant to heat. The ogre hits you with a giant club!
You die...

#...#..#.
#)....+
.#..#
+.....#
...#..#
#.....#
#...#..#
#..##.#
#...#..#
{#..##.#
#>..#..#
#..+ ..
#...#..#
#..#
#...#..#
#O§#
#...#..#
#@.#
#...#..#
+..#
#...#..#
#+##
#...#..# {
#...'..#
#...#..#
####...#..#
#......#..#
#......#..#


You could see an ogre.

Vanquished Creatures
  Grinder (D:6)
  An ice beast (D:6)
  Purgy (Sewer)
  2 phantoms (D:4)
  An ogre (D:5)
  A centaur (D:6)
  A giant frog (D:8)
  A giant frog zombie (D:5)
  6 hounds
  A jelly (D:5)
  3 orc priests
  A centaur skeleton (D:4)
  An iron imp (D:5)
  2 orc wizards
  2 iguanas
  3 worker ants
  3 gnolls (D:5)
  2 shadow imps
  4 adders
  A giant mite (D:5)
  10 giant geckos
  5 orcs
  12 bats
  A bat skeleton (D:5)
  6 giant cockroaches
  5 hobgoblins
  4 jackals (D:3)
  4 ball pythons
  2 giant newts (D:3)
  15 goblins
  2 goblin skeletons (D:5)
  2 goblin zombies (D:5)
  4 hobgoblin zombies (D:5)
  11 kobolds
  2 kobold skeletons (D:5)
  A kobold zombie (D:5)
  3 orc skeletons (D:5)
  7 rats
134 creatures vanquished.

Notes
Turn   | Place    | Note
--------------------------------------------------------------
     0 | D:1      | Greenblue, the Formicid Fighter, began the quest for the Orb.
     0 | D:1      | Reached XP level 1. HP: 18/18 MP: 1/1
   120 | D:1      | Reached XP level 2. HP: 10/24 MP: 3/3
   576 | D:1      | Reached XP level 3. HP: 29/29 MP: 4/4
   917 | D:2      | Noticed Robin
   975 | D:2      | Noticed Sigmund
   981 | D:2      | You fall through a shaft!
  1166 | D:3      | Reached XP level 4. HP: 28/35 MP: 5/5
  1460 | D:3      | Found a basalt altar of Yredelemnul.
  1878 | D:4      | Noticed a phantom
  1991 | D:4      | Killed a phantom
  1991 | D:4      | Reached skill level 5 in Axes
  1991 | D:4      | Reached XP level 5. HP: 17/41 MP: 7/7
  2421 | D:4      | Reached XP level 6. HP: 45/47 MP: 8/8
  2455 | D:4      | Reached skill level 6 in Axes
  2591 | D:4      | Found a stormy altar of Qazlal.
  2651 | D:4      | Became a worshipper of Qazlal Stormbringer
  2704 | D:4      | Noticed a phantom
  2725 | D:4      | Killed a phantom
  2725 | D:4      | Reached XP level 7. HP: 36/52 MP: 9/9
  2962 | D:4      | Reached skill level 7 in Axes
  3147 | D:5      | Entered Level 5 of the Dungeon
  3162 | D:5      | Found Erikymoo's Gadget Emporium.
  3165 | D:5      | Bought a wand of disintegration (5) for 117 gold pieces
  3185 | D:5      | Found Yvufeic's Magic Scroll Shop.
  3197 | D:5      | Found Bicravev's Book Shop.
  3220 | D:5      | Found Yseskus' General Store.
  3363 | D:5      | Found a glowing golden altar of the Shining One.
  3403 | D:5      | Acquired Qazlal's first power
  3526 | D:5      | Reached skill level 8 in Axes
  3542 | D:5      | Found Yblo's General Store.
  3577 | D:5      | Reached XP level 8. HP: 55/58 MP: 11/11
  3644 | D:5      | Reached skill level 9 in Axes
  3696 | D:5      | Acquired Qazlal's second power
  3703 | D:5      | Found a glowing drain.
  3707 | Sewer    | Entered a sewer
  3732 | Sewer    | Noticed Purgy
  3744 | Sewer    | Killed Purgy
  4261 | D:6      | Noticed Grinder
  4283 | D:6      | Killed Grinder
  4283 | D:6      | Reached skill level 10 in Axes
  4431 | D:6      | Reached XP level 9. HP: 64/64 MP: 12/12
  4493 | D:6      | Found Oles' Antique Weapon Boutique.
  4506 | D:6      | You fall through a shaft for 2 floors!
  4560 | D:8      | Noticed Erolcha
  4612 | D:8      | Gained mutation: You have sharp fingernails. [potion of mutation]
  4612 | D:8      | Gained mutation: You possess an exceptional clarity of mind. [potion of mutation]
  4612 | D:8      | Gained mutation: Your flesh is heat resistant. [potion of mutation]
  4612 | D:8      | Slain by an ogre

Action                   |  1- 3 |  4- 6 |  7- 9 || total
-------------------------+-------+-------+-------++-------
Melee: War axe           |   118 |    98 |   280 ||   496
       Unarmed           |     6 |       |       ||     6
 Abil: Dig               |     4 |       |     2 ||     6
       Shaft Self        |     1 |       |       ||     1
  Use: Potion            |     2 |       |     1 ||     3
       Scroll            |       |       |     8 ||     8
  Eat: Chunk             |     2 |     4 |     7 ||    13
